 Dungeon Crawl Stone Soup version 0.31.0-12-g77e489cdc1 (webtiles) character file.

Game seed: 13517805881130910887

146 lonewolfV2 the Trooper (level 5, 0/43 HPs)
             Began as a Formicid Fighter on Feb 12, 2024.
             Was a Believer of Fedhas.
             Slain by a kobold brigand
             ... wielding a +0 dagger
              (6 damage)
             ... in a sewer.
             The game lasted 00:04:20 (2021 turns).

lonewolfV2 the Trooper (Formicid Fighter)           Turns: 2021, Time: 00:04:20

Health: 0/43       AC:  7    Str: 20    XL:     5   Next: 53%
Magic:  4/6        EV:  9    Int:  8    God:    Fedhas [**....]
Gold:   61         SH:  7    Dex: 21    Spells: 4/4 levels left

rFire   . . .        a - +1 war axe
rCold   . . .        c - +1 buckler
rNeg    . . .        b - +0 scale mail
rPois   .            (helmet unavailable)
rElec   .            (no cloak)
rCorr   .            (no gloves)
SInv    +            (no boots)
Will    .....        (no amulet) Stlth
                     l - +6 ring of dexterity
HPRegen 0.27/turn    (no ring)
MPRegen 0.10/turn

%: no passive effects
@: mighty, very slow
A: permanent stasis, dig shafts and tunnels, antennae 3, four strong arms
a: Dig, Renounce Religion, Wall of Briars


You were in a sewer.
You worshipped Fedhas.
Fedhas was pleased with you.
You visited 1 branch of the dungeon, and saw 3 of its levels.
You also visited: Sewer.

You collected 61 gold pieces.

Inventory:

Hand Weapons
 a - a +1 war axe (weapon)
Armour
 b - a +0 scale mail (worn)
 c - a +1 buckler (worn)
Jewellery
 l - a +6 ring of dexterity (left hand)
Scrolls
 g - a scroll of immolation
Potions
 e - a potion of berserk rage {unknown}
 f - a potion of resistance
 h - a potion of brilliance {unknown}
 i - a potion of mutation {unknown}
 j - a potion of haste {unknown}
 m - 2 potions of lignification {unknown}


   Skills:
 + Level 4.8 Fighting
 - Level 2.0 Axes
 + Level 4.8 Armour
 - Level 4.0 Shields
 + Level 2.0 Invocations


You had 4 spell levels left.
You didn't know any spells.
Your spell library was empty.

Dungeon Overview and Level Annotations

Branches:
Dungeon (3/15)              Sewer (1/1)

Altars:
Fedhas


Innate Abilities, Weirdness & Mutations

You cannot be hasted, slowed, berserked, paralysed or teleported.
You can dig through walls and to a lower floor.
You have a pair of large antennae on your head. (SInv)
Your four strong arms can wield two-handed weapons with a shield.


Message History

Unknown command.
You hit the kobold brigand.
The kobold brigand is heavily wounded.
The kobold brigand hits you but does no damage.
A briar patch grows up from the ground. x5
The kobold brigand hits you with a +0 dagger.
Unknown command.
You walk carefully through the plants.
You enter the shallow water.
Moving in this stuff is going to be slow.
The kobold brigand attacks as it pursues you!
The kobold brigand hits you with a +0 dagger.
You block the kobold brigand's attack.
The kobold brigand is struck by your briar patch's thorns.
The kobold brigand hits your briar patch with a +0 dagger!
You walk carefully through the plants.
The kobold brigand closely misses you.
The kobold brigand hits you with a +0 dagger. x2
* * * LOW HITPOINT WARNING * * *
You closely miss the kobold brigand.
The kobold brigand is severely wounded.
The kobold brigand hits you with a +0 dagger.
* * * LOW HITPOINT WARNING * * *
You barely miss the kobold brigand.
The kobold brigand is severely wounded.
The kobold brigand hits you with a +0 dagger.
* * * LOW HITPOINT WARNING * * *
You hit the kobold brigand.
The kobold brigand is almost dead.
The kobold brigand hits you with a +0 dagger.
* * * LOW HITPOINT WARNING * * *
The kobold brigand hits you but does no damage.
The kobold brigand hits you but does no damage.
The kobold brigand hits you with a +0 dagger.
* * * LOW HITPOINT WARNING * * *
You feel very mighty all of a sudden.
The kobold brigand hits you but does no damage.
You closely miss the kobold brigand.
The kobold brigand is almost dead.
The kobold brigand hits you with a +0 dagger.
You die...
Fedhas appreciates your contribution to the ecosystem.

# #####..## #.P.#....
##########..P#....
######......##.........
#....#.................
#..!PP@P.~.......~P~P..
#.∩..KP~~~...~~~P~~~~~P
#.!.P#PP~P...P~~~~~~P~~
######~##########~~~~##
~~~~~~~~~~~~~~~~~~~
#≈~≈≈≈≈≈~≈≈≈≈≈~≈≈≈≈≈
#~~~~~~~~~~~~~~~~~~~
##############~#######~
#...)#~~~.~~P~~~~PP.~~~


You could see a kobold brigand (ally target).

Vanquished Creatures
  Crazy Yiuf (D:2)
  5 adders
  2 dart slugs (D:2)
  A ribbon worm (D:2)
  6 ball pythons
  5 endoplasms
  4 giant cockroaches
  3 goblins
  2 hobgoblins
  4 jackals (D:2)
  11 kobolds
  A quokka (D:1)
  8 bats
  6 frilled lizards
  6 rats
65 creatures vanquished.

Notes
Turn   | Place    | Note
-------+----------+-------------------------------------------
     0 | D:1      | lonewolfV2 the Formicid Fighter began the quest for the
                  | Orb.
     0 | D:1      | Reached XP level 1. HP: 18/18 MP: 1/1
    81 | D:1      | Reached XP level 2. HP: 14/24 MP: 2/2
   153 | D:1      | Found a faded altar of an unknown god.
   204 | D:1      | Prayed at the altar of an unknown god.
   204 | D:1      | Became a worshipper of Fedhas Madash
   204 | D:1      | Reached * piety under Fedhas
   351 | D:1      | Reached XP level 3. HP: 24/30 MP: 3/3
   788 | D:2      | Reached ** piety under Fedhas
   789 | D:2      | Reached XP level 4. HP: 37/37 MP: 4/4
  1174 | D:2      | Found a runed translucent door.
  1175 | D:2      | Noticed Crazy Yiuf
  1328 | D:2      | Killed Crazy Yiuf
  1329 | D:2      | Reached skill level 1 in Invocations
  1329 | D:2      | Reached XP level 5. HP: 4/43 MP: 4/6
  1695 | D:3      | Found a glowing drain.
  1722 | Sewer    | Entered a sewer
  1999 | Sewer    | Noticed a kobold brigand
  2021 | Sewer    | Slain by a kobold brigand

Illustrated notes

Levels and vault maps discovered:
D:1:      minmay_arrival_split_and_join, layout_rooms,
          ebering_ecumenical_altar_ruins, roderic_lattice_a
D:2:      layout_loops_ring, lightli_corner_chamber, uniq_crazy_yiuf_cottage
D:3:      layout_basic, gup_sewer_entry_glass, uniq_sigmund
Sewer:    kennysheep_pipe_town

Skill      XL: |  1  2  3  4  5 |
---------------+----------------+-----
Fighting       | 4 |  4.8
Armour         | 4 |  4.8
Invocations    | 1 2 |  2.0
Axes           | |  2.0
Shields        | |  4.0

Action                     |  1- 3 |  4- 6 || total
---------------------------+-------+-------++-------
  Melee: War axe           |    64 |    78 ||   142
 Invoke: Wall of Briars    |       |     1 ||     1
    Use: Scroll            |     5 |     5 ||    10
         Potion            |       |     1 ||     1
 Armour: Scale mail        |    61 |    72 ||   133
  Dodge: Dodged            |    43 |    44 ||    87
  Block: Buckler           |    23 |    36 ||    59
